 Dungeon Crawl Stone Soup version 0.29.0-4-gdea44cf6ec (webtiles) character file.

Game seed: 11083698791843413330

700 qw the Trooper (level 7, 0/66 HPs)
             Began as a Minotaur Fighter on Sept 4, 2022.
             Slain by a gnoll
             ... wielding a +0 whip
             ... led by a gnoll sergeant
              (1 damage)
             ... on level 5 of the Dungeon.
             The game lasted 00:01:24 (3670 turns).

qw the Trooper (Minotaur Fighter)                   Turns: 3670, Time: 00:01:25

Health: 0/66       AC: 11    Str: 23    XL:     7   Next: 38%
Magic:  6/6        EV:  4    Int:  7    God:
Gold:   185        SH:  0    Dex:  9    Spells: 6/6 levels left

rFire   . . .      SeeInvis .   h - +4 war axe of Tiadak {flame, rElec rC- Int+2}
rCold   x . .      Faith    .   c - +0 buckler
rNeg    . . .      Spirit   .   k - +0 chain mail
rPois   .          Reflect  .   (helmet restricted)
rElec   +          Harm     .   f - +0 cloak
rCorr   .          Rampage  .   l - +0 pair of gloves
Will    .....                   (no boots)
Stlth   ..........              (no amulet)
HPRegen 0.21/turn               (no ring)
MPRegen 0.10/turn               (no ring)

@: lethally poisoned (0 -> -11), about to teleport, held
A: horns 2, retaliatory headbutt
a: no special abilities


You were on level 5 of the Dungeon.
You visited 1 branch of the dungeon, and saw 5 of its levels.

You collected 185 gold pieces.


Innate Abilities, Weirdness & Mutations

You have a pair of horns on your head.
You reflexively headbutt those who attack you in melee.


   Skills:
 - Level 7.5 Fighting
 + Level 7.4 Axes
 - Level 3.6 Armour
 - Level 1.0 Dodging
 - Level 3.6 Shields


You had 6 spell levels left.
You didn't know any spells.
Your spell library was empty.

Inventory:

Hand Weapons
 h - the +4 war axe of Tiadak (weapon) {flame, rElec rC- Int+2}
   (You found it on level 2 of the Dungeon)

   It burns those it strikes, dealing additional fire damage.
   Big, fiery blades are also staple armaments of hydra-hunters.
   Int:       It affects your intelligence (+2).
   rC:        It makes you vulnerable to cold.
   rElec:     It insulates you from electricity.
Armour
 c - a +0 buckler (worn)
 f - a +0 cloak (worn)
 k - a +0 chain mail (worn)
 l - a +0 pair of gloves (worn)
Scrolls
 a - 5 scrolls of identify
 g - 2 scrolls of teleportation
Potions
 b - 9 potions of curing
 d - 2 potions of might
 e - a potion of mutation

Dungeon Overview and Level Annotations

Branches:
Dungeon (5/15)
 Temple: D:4-7

Altars:
Kikubaaqudgha
Nemelex Xobeh
Uskayaw


Message History

You kill the gnoll!
The water moccasin bites you but does no damage.
You miss the water moccasin.
Your headbutt misses the water moccasin.
The water moccasin is moderately wounded.
You hit the gnoll. You burn the gnoll.
You feel very sick. The water moccasin bites you.
You are more poisoned.
The water moccasin poisons you! The gnoll hits you but does no damage.
The gnoll hits you from afar with a +0 spear.
The gnoll sergeant hits you but does no damage.
The water moccasin barely misses you. You furiously retaliate!
You headbutt the water moccasin. You hit the water moccasin.
You burn the water moccasin.
The water moccasin is heavily wounded.
You slash the gnoll! You burn the gnoll.
You kill the gnoll!
You feel very sick.
The gnoll hits you from afar with a +0 spear.
The gnoll sergeant hits you but does no damage.
The water moccasin bites you.
You barely miss the water moccasin.
The water moccasin is heavily wounded.
You barely miss the gnoll.
You feel very sick. The water moccasin bites you.
The gnoll hits you but does no damage.
The gnoll sergeant hits you from afar with a +0 trident!
The water moccasin barely misses you.
The gnoll hits you from afar with a +0 spear.
The gnoll sergeant hits you but does no damage.
The gnoll hits you but does no damage.
3670 ||| READING 3 scrolls of teleportation.
As you read the scroll of teleportation, it crumbles to dust.
You feel strangely unstable.
You feel very sick. The water moccasin barely misses you.
You block the gnoll sergeant's attack.
The gnoll throws a throwing net.
The throwing net hits you.
You become entangled in the net!
The gnoll hits you with a +0 whip.
You die...

#............#
#.....######## ####<.#
#..## #...## . #.#..#
... #.##>### ######....
#.##...####.gSg.....
........#...##.@)g.....
####.##.###....).......
#. #.# #####+###.... #.
#.# ### #.. ###


You could see a water moccasin, a gnoll sergeant and 2 gnolls.

Vanquished Creatures
  Pikel (D:4)
  A lemure (D:4)
  A hound (D:4)
  A jelly (D:4)
  2 orc priests (D:4)
  6 gnolls
  An adder (D:2)
  2 white imps
  2 dart slugs (D:2)
  4 orcs
  4 ball pythons
  3 endoplasms
  5 giant cockroaches
  5 goblins
  5 hobgoblins
  6 jackals (D:3)
  6 quokkas
  2 bats
  5 frilled lizards
  4 kobolds
  4 rats
70 creatures vanquished.

Vanquished Creatures (others)
  A fungus (D:2)
  2 plants (D:2)
3 creatures vanquished.

Grand Total: 73 creatures vanquished

Notes
Turn   | Place    | Note
-------+----------+-------------------------------------------
     0 | D:1      | qw the Minotaur Fighter began the quest for the Orb.
     0 | D:1      | Reached XP level 1. HP: 19/19 MP: 0/0
     0 | D:1      | 0 ||| qw: Version: 0.1-a-103-gd6f5d3a
     0 | D:1      | 0 ||| qw: Game counter: 5780
     0 | D:1      | 0 ||| qw: Always use a shield: true
     0 | D:1      | 0 ||| qw: God list: Ru
     0 | D:1      | 0 ||| qw: Allow faded altars: false
     0 | D:1      | 0 ||| qw: Do Orc after D:15 true
     0 | D:1      | 0 ||| qw: Do second Lair branch before Depths: true
     0 | D:1      | 0 ||| qw: Lair rune preference: random
     0 | D:1      | 0 ||| qw: Plans: Normal
     0 | D:1      | 0 ||| PLANNING D:1-11
    39 | D:1      | 39 ||| Stepping ~*~*~tactically~*~*~ (stealth).
    46 | D:1      | 46 ||| Stepping ~*~*~tactically~*~*~ (stealth).
    47 | D:1      | 47 ||| Stepping ~*~*~tactically~*~*~ (stealth).
    84 | D:1      | 84 ||| Stepping ~*~*~tactically~*~*~ (stealth).
   178 | D:1      | Reached skill level 3 in Axes
   193 | D:1      | Reached XP level 2. HP: 26/26 MP: 1/1
   272 | D:1      | 272 ||| Stepping ~*~*~tactically~*~*~ (stealth).
   607 | D:1      | 607 ||| READING 2 scrolls labelled WACOAC SENWOD.
   608 | D:1      | 608 ||| READING 3 scrolls labelled ABIEHAONEM.
   611 | D:1      | 611 ||| READING scroll labelled HEMYON RUDDY.
   682 | D:2      | 682 ||| Stepping ~*~*~tactically~*~*~ (stealth).
   689 | D:2      | 689 ||| Stepping ~*~*~tactically~*~*~ (hiding).
   735 | D:2      | 735 ||| Stepping ~*~*~tactically~*~*~ (stealth).
   736 | D:2      | 736 ||| Stepping ~*~*~tactically~*~*~ (stealth).
   740 | D:2      | 740 ||| Stepping ~*~*~tactically~*~*~ (stealth).
   749 | D:2      | Reached XP level 3. HP: 30/31 MP: 2/2
   767 | D:2      | 767 ||| Stepping ~*~*~tactically~*~*~ (stealth).
   780 | D:2      | Identified the +4 war axe of Tiadak {flame, rElec rC-
                  | Int+2}
   782 | D:2      | 782 ||| SWAPPING to +4 war axe of Tiadak {flame, rElec rC-
                  | Int+2}.
   783 | D:2      | 783 ||| DROPPING +0 whip.
   784 | D:2      | 784 ||| DROPPING +0 war axe.
   853 | D:2      | 853 ||| Stepping ~*~*~tactically~*~*~ (hiding).
   854 | D:2      | 854 ||| Stepping ~*~*~tactically~*~*~ (hiding).
   967 | D:2      | 967 ||| Stepping ~*~*~tactically~*~*~ (hiding).
   981 | D:2      | Reached skill level 1 in Dodging
   981 | D:2      | Reached XP level 4. HP: 22/39 MP: 3/3
  1000 | D:2      | 1000 ||| FLEEEEING.
  1001 | D:2      | 1001 ||| FLEEEEING.
  1002 | D:2      | 1002 ||| FLEEEEING.
  1003 | D:2      | 1003 ||| FLEEEEING.
  1004 | D:2      | 1004 ||| FLEEEEING.
  1005 | D:2      | 1005 ||| FLEEEEING.
  1006 | D:2      | 1006 ||| FLEEEEING.
  1007 | D:2      | 1007 ||| FLEEEEING.
  1008 | D:2      | 1008 ||| FLEEEEING.
  1009 | D:2      | 1009 ||| FLEEEEING.
  1010 | D:2      | 1010 ||| FLEEEEING.
  1011 | D:2      | 1011 ||| FLEEEEING.
  1012 | D:2      | 1012 ||| FLEEEEING.
  1013 | D:2      | 1013 ||| FLEEEEING.
  1014 | D:2      | 1014 ||| FLEEEEING.
  1015 | D:2      | 1015 ||| FLEEEEING.
  1017 | D:2      | 1017 ||| FLEEEEING.
  1019 | D:2      | 1019 ||| FLEEEEING.
  1021 | D:2      | 1021 ||| FLEEEEING.
  1022 | D:2      | 1022 ||| FLEEEEING.
  1023 | D:2      | 1023 ||| STAIRDANCE
  1111 | D:1      | 1111 ||| UPGRADING to +0 cloak.
  1116 | D:1      | 1116 ||| UPGRADING to +0 chain mail.
  1126 | D:1      | 1126 ||| DROPPING +0 scale mail.
  1127 | D:1      | 1127 ||| READING scroll labelled ZUMOZI KISHRA.
  1228 | D:1      | 1228 ||| READING 3 scrolls of identify.
  1228 | D:1      | 1228 ||| IDENTIFYING pink potion
  1229 | D:1      | 1229 ||| READING 2 scrolls of identify.
  1229 | D:1      | 1229 ||| IDENTIFYING fuming clear potion
  1230 | D:1      | 1230 ||| DROPPING potion of lignification.
  1231 | D:1      | 1231 ||| DROPPING potion of degeneration.
  1325 | D:2      | Found a faded altar of an unknown god.
  1620 | D:2      | 1620 ||| READING 2 scrolls of identify.
  1620 | D:2      | 1620 ||| IDENTIFYING fizzy pink potion
  1844 | D:3      | 1844 ||| Stepping ~*~*~tactically~*~*~ (hiding).
  1846 | D:3      | 1846 ||| Stepping ~*~*~tactically~*~*~ (hiding).
  2097 | D:3      | Identified the +3 robe of Ofesol {Str+3}
  2098 | D:3      | 2098 ||| Stepping ~*~*~tactically~*~*~ (stealth).
  2099 | D:3      | 2099 ||| Stepping ~*~*~tactically~*~*~ (stealth).
  2136 | D:3      | Found a sparkling altar of Nemelex Xobeh.
  2477 | D:3      | Found a hide-covered altar of Uskayaw.
  2553 | D:3      | 2553 ||| UPGRADING to +0 pair of gloves.
  2558 | D:3      | 2558 ||| READING scroll labelled NECKADGHIURR.
  2559 | D:3      | 2559 ||| READING scroll labelled NEUHITUZOE.
  2662 | D:4      | Reached skill level 6 in Axes
  2664 | D:4      | 2664 ||| Stepping ~*~*~tactically~*~*~ (hiding).
  2666 | D:4      | Reached XP level 5. HP: 45/45 MP: 4/4
  2666 | D:4      | 2666 ||| Stepping ~*~*~tactically~*~*~ (hiding).
  2996 | D:4      | Noticed a lemure
  2996 | D:4      | Noticed a lemure
  2996 | D:4      | Noticed a lemure
  2997 | D:4      | 2997 ||| Stepping ~*~*~tactically~*~*~ (stealth).
  3000 | D:4      | Noticed Pikel
  3000 | D:4      | Noticed a lemure
  3001 | D:4      | 3001 ||| Stepping ~*~*~tactically~*~*~ (stealth).
  3004 | D:4      | Killed a lemure
  3007 | D:4      | 3007 ||| Stepping ~*~*~tactically~*~*~ (stealth).
  3009 | D:4      | 3009 ||| Stepping ~*~*~tactically~*~*~ (stealth).
  3014 | D:4      | Killed Pikel
  3015 | D:4      | Reached XP level 6. HP: 30/60 MP: 5/5
  3015 | D:4      | Reached XP level 7. HP: 33/66 MP: 6/6
  3312 | D:4      | Found an ancient bone altar of Kikubaaqudgha.
  3403 | D:4      | 3403 ||| Stepping ~*~*~tactically~*~*~ (hiding).
  3597 | D:4      | 3597 ||| READING scroll labelled VATEAL HUTAI.
  3598 | D:4      | 3598 ||| READING scroll labelled JUNKY AXAPH.
  3640 | D:5      | Entered Level 5 of the Dungeon
  3669 | D:5      | HP: 6/66 [gnoll sergeant/+0 trident (13)]
  3670 | D:5      | 3670 ||| READING 3 scrolls of teleportation.
  3670 | D:5      | HP: 1/66 [poisoned by a water moccasin]
  3670 | D:5      | Slain by a gnoll

Levels and vault maps discovered:
D:1:      saegor_arrival_simple_c, layout_rooms
D:2:      layout_loops_cross, shapermc_ecumenical_altar_rom_forum,
          minmay_circle_x
D:3:      layout_loops_corners, mainiacjoe_overflow_catwalk,
          nemelex_xobeh_ov_fountains_minmay
D:4:      layout_cave_pods, mainiacjoe_overflow_alcove_2, uniq_pikel
D:5:      layout_basic, minmay_temple_entry_nine_rooms, st_stairs_12,
          hangedman_abyss_or_decor_stagger

Skill      XL: |  1  2  3  4  5 |
---------------+----------------+-----
Axes           | 3 4 5 6 7 |  7.4
Dodging        | 1 |  1.0
Fighting       | 7 |  7.5
Armour         | |  3.6
Shields        | |  3.6

Action                   |  1- 3 |  4- 6 |  7- 9 || total
-------------------------+-------+-------+-------++-------
Melee: War axe           |    57 |    70 |    10 ||   137
       Headbutt          |     7 |    10 |     2 ||    19
  Use: Scroll            |     3 |     6 |     3 ||    12
Armor: Scale mail        |    19 |       |       ||    19
       Chain mail        |       |    39 |     9 ||    48
Dodge: Dodged            |    15 |    18 |     5 ||    38
Block: Buckler           |     9 |    13 |     3 ||    25

Table legend:
 A = Non-vault XP
 B = Vault XP
 C = Vault XP percentage of total XP
 D = Non-vault monster count
 E = Vault monster count
 F = Vault count percentage of total count
                 A         B        C        D         E       F
            +---------+---------+-------+---------+---------+-------
      Total |     378 |     622 |  62.2 |      66 |       3 |   4.3
            +---------+---------+-------+---------+---------+-------
        D:1 |      32 |       0 |   0.0 |      19 |       0 |   0.0
        D:2 |      69 |       5 |   6.8 |      12 |       2 |  14.3
        D:3 |      38 |       0 |   0.0 |      19 |       0 |   0.0
        D:4 |     195 |     617 |  76.0 |      13 |       1 |   7.1
        D:5 |      44 |       0 |   0.0 |       3 |       0 |   0.0
            +---------+---------+-------+---------+---------+-------
